 Dungeon Crawl Stone Soup version 0.30.0-5-g1a98f26d00 (webtiles) character file.

Game seed: 7400116708236268644

858 GigaChad the Chopper (level 8, -3/62 HPs)
             Began as a Formicid Fighter on May 12, 2023.
             Was a Believer of Zin.
             Slain by a gnoll sergeant
             ... wielding a +0 trident
              (8 damage)
             ... on level 5 of the Dungeon.
             The game lasted 00:05:22 (3534 turns).

GigaChad the Chopper (Formicid Fighter)             Turns: 3534, Time: 00:05:22

Health: -3/62      AC: 10    Str: 24    XL:     8   Next: 22%
Magic:  8/8        EV:  9    Int:  7    God:    Zin [**....]
Gold:   198        SH:  7    Dex: 13    Spells: 7/7 levels left

rFire   . . .        a - +0 war axe
rCold   . . .        c - +2 buckler
rNeg    . . .        b - +1 scale mail
rPois   .            (helmet unavailable)
rElec   .            m - +1 cloak
rCorr   .            (no gloves)
SInv    +            (no boots)
Will    .....        (no amulet) Stlth
                     (no ring)
HPRegen 0.30/turn    (no ring)
MPRegen 0.11/turn

%: no passive effects
@: no status effects
A: permanent stasis, dig shafts and tunnels, antennae 3, four strong arms
a: Dig, Shaft Self, Renounce Religion, Recite, Vitalisation, Donate Gold


You were on level 5 of the Dungeon.
You worshipped Zin.
Zin was pleased with you.
You visited 2 branches of the dungeon, and saw 6 of its levels.

You collected 338 gold pieces.
You donated 140 gold pieces to Zin.

Inventory:

Hand Weapons
 a - a +0 war axe (weapon)
Armour
 b - a +1 scale mail (worn)
 c - a +2 buckler (worn)
 m - a +1 cloak (worn)
Jewellery
 n - a ring of flight
 p - an amulet of guardian spirit
Wands
 g - a wand of roots (5)
Scrolls
 i - 2 scrolls of fog
 l - a scroll of immolation {unknown}
Potions
 d - a potion of might
 e - a potion of heal wounds {unknown}
 f - 7 potions of curing {unknown}
 h - 2 potions of invisibility {unknown}
 j - a potion of degeneration {unknown}
 k - a potion of lignification {unknown}
 o - a potion of mutation {unknown}


   Skills:
 * Level 5.3 Fighting
 * Level 6.2 Axes
 * Level 5.5 Armour
 * Level 5.6 Shields


You had 7 spell levels left.
You didn't know any spells.
Your spell library contained the following spells:

 Spells                   Type           Power      Damage    Failure   Level
 Shock                    Conj/Air       0%         1d3       77%         1
 Airstrike                Air            0%         2d(0-16)  100%        4
 Arcjolt                  Conj/Air       0%         1d10      100%        5
 Maxwell's Capacitive Co  Air            0%         ∞         100%        8
 Swiftness                Air            Unusable   N/A       N/A         3
 Vhi's Electric Charge    Tloc/Air       Unusable   N/A       N/A         3

Dungeon Overview and Level Annotations

Branches:
Dungeon (5/15)             Temple (1/1) D:4

Altars:
Ashenzari
Cheibriados
Fedhas
Hepliaklqana
Kikubaaqudgha
Nemelex Xobeh
Okawaru
Qazlal
Ru
Vehumet
Xom
Yredelemnul
Zin
The Shining One

Shops:
D:3 [   D:4 (

Annotations:
D:4 2 transporters, HobsGoblin's ghost, amateur OgWn


Innate Abilities, Weirdness & Mutations

You cannot be hasted, slowed, berserked, paralysed or teleported.
You can dig through walls and to a lower floor.
You have a pair of large antennae on your head. (SInv)
Your four strong arms can wield two-handed weapons with a shield.


Message History

* * * LOW HITPOINT WARNING * * *
The gnoll sergeant attacks as you move away!
The gnoll sergeant hits you but does no damage.
The gnoll hits you but does no damage.
The gnoll sergeant hits you but does no damage.
Unknown command.
You barely miss the gnoll.
The gnoll is moderately wounded.
You barely miss the gnoll. The gnoll misses you.
The gnoll sergeant closely misses you. The gnoll barely misses you.
Unknown command.
Unknown command.
You hit the gnoll but do no damage.
The gnoll is moderately wounded.
You closely miss the gnoll. You block the gnoll's attack.
The gnoll sergeant hits you from afar with a +0 trident.
* * * LOW HITPOINT WARNING * * *
The gnoll hits you but does no damage.
You slash the gnoll!
The gnoll is almost dead.
You hit the gnoll.
You kill the gnoll!
You block the gnoll's attack.
The gnoll sergeant hits you but does no damage.
The gnoll barely misses you. The adder bites you but does no damage.
You slash the gnoll!
You kill the gnoll!
You slash the adder!
You kill the adder!
The gnoll barely misses you.
The gnoll sergeant hits you from afar with a +0 trident.
* * * LOW HITPOINT WARNING * * *
The quokka misses you. The gnoll sergeant barely misses you.
The gnoll hits you but does no damage. The adder barely misses you.
You miss the adder. You hit the quokka. You block the quokka's attack.
The adder bites you.
* * * LOW HITPOINT WARNING * * *
You block the gnoll's attack. The gnoll barely misses you.
The gnoll sergeant hits you from afar with a +0 trident!
You die...

#......#######
.............#
........####.###########
.......................#
###...##.###.#.#.#####.
#...##.# #.#.#.#
##...##.# #.#.#.###
##.....#.# #.......#
#........# ###.#@#.#
....>....####..rS#.#
...............ggg.....)
................!.......
#.......######.###.#####
##.....## ## .# ##...##
.# ##'## . #.# #


You could see a gnoll sergeant, 2 gnolls, an adder and a quokka.

Vanquished Creatures
  The ghost of monsoonserge the Ducker, a novice DEMo (D:4)
  Sigmund (D:3)
  An ogre (D:5)
  An orc priest (D:3)
  2 hounds
  An iguana (D:5)
  Ijyb (D:3)
  An orc wizard (D:4)
  A scorpion zombie (D:4)
  A hound zombie (D:4)
  6 gnolls
  3 adders
  2 worms
  2 dart slugs (D:4)
  6 orcs
  5 bats
  6 endoplasms
  5 giant cockroaches
  A goblin (D:1)
  8 hobgoblins
  6 jackals (D:2)
  8 kobolds
  4 quokkas
  11 ball pythons
  3 frilled lizards
  2 rats
89 creatures vanquished.

Notes
Turn   | Place    | Note
-------+----------+-------------------------------------------
     0 | D:1      | GigaChad the Formicid Fighter began the quest for the Orb.
     0 | D:1      | Reached XP level 1. HP: 18/18 MP: 1/1
    51 | D:1      | Reached XP level 2. HP: 24/24 MP: 2/2
   549 | D:1      | Reached XP level 3. HP: 16/30 MP: 3/3
   998 | D:2      | Reached XP level 4. HP: 35/37 MP: 4/4
  1285 | D:2      | Reached skill level 3 in Axes
  1636 | D:3      | Noticed Ijyb
  1643 | D:3      | Killed Ijyb
  1644 | D:3      | Reached XP level 5. HP: 30/42 MP: 5/5
  1739 | D:3      | Found Xocag's Armour Shop.
  2151 | D:3      | Noticed Sigmund
  2164 | D:3      | Killed Sigmund
  2165 | D:3      | Reached skill level 4 in Axes
  2165 | D:3      | Reached skill level 5 in Shields
  2165 | D:3      | Reached XP level 6. HP: 49/49 MP: 6/6
  2462 | D:4      | Found a runed translucent gate.
  2462 | D:4      | Found a runed translucent gate.
  2462 | D:4      | Found a runed translucent gate.
  2462 | D:4      | Noticed monsoonserge's ghost (novice DEMo)
  2464 | D:4      | Found a basalt altar of Yredelemnul.
  2514 | D:4      | Killed monsoonserge's ghost
  2515 | D:4      | Reached skill level 5 in Fighting
  2515 | D:4      | Reached skill level 5 in Axes
  2515 | D:4      | Reached skill level 5 in Armour
  2515 | D:4      | Reached XP level 7. HP: 38/56 MP: 7/7
  2583 | D:4      | Found a transporter.
  2585 | D:4      | Found a transporter.
  2585 | D:4      | Noticed HobsGoblin's ghost (amateur OgWn)
  2673 | D:4      | Found a staircase to the Ecumenical Temple.
  2717 | Temple   | Entered the Ecumenical Temple
  2746 | Temple   | Became a worshipper of Zin the Law-Giver
  2746 | Temple   | Reached * piety under Zin
  2825 | D:4      | Donated 107 gold pieces to Zin
  2835 | D:4      | Reached ** piety under Zin
  2903 | D:4      | Found Tuimm's Weapon Shop.
  3331 | D:5      | Entered Level 5 of the Dungeon
  3337 | D:5      | Reached skill level 6 in Axes
  3337 | D:5      | Reached XP level 8. HP: 62/62 MP: 8/8
  3534 | D:5      | Slain by a gnoll sergeant

Illustrated notes

Levels and vault maps discovered:
D:1:      scummos_arrival_hexagon, layout_basic, chequers_serial_rivers_small_a,
          minmay_box_of_dots
D:2:      layout_loops_ring, minmay_diced_spiral
D:3:      layout_basic, serial_shops, nicolae_lakefront_shop, uniq_ijyb,
          uniq_sigmund
D:4:      kennysheep_spiral_hall, layout_basic,
          nicolae_yredelemnul_ghost_church, minmay_temple_entry_glassed_door,
          gammafunk_ghost_smash, serial_shops, nicolae_stop_n_shop_2
D:5:      layout_loops_corners, nzn_overflow_gifts_of_might_and_magic,
          uniq_blork_the_orc
Temple:   nicolae_temple_ecumenical_triangle

Skill      XL: |  1  2  3  4  5  6  7 |
---------------+----------------------+-----
Axes           | 3 4 5 6 |  6.2
Fighting       | 4 5 |  5.3
Armour         | 4 5 |  5.5
Shields        | 5 |  5.6

Action                     |  1- 3 |  4- 6 |  7- 9 || total
---------------------------+-------+-------+-------++-------
  Melee: War axe           |    65 |   128 |    72 ||   265
 Invoke: Donate Gold       |       |       |     1 ||     1
Ability: Dig               |       |     2 |       ||     2
    Use: Scroll            |       |     6 |     3 ||     9
 Armour: Scale mail        |    23 |    45 |    42 ||   110
  Dodge: Dodged            |    17 |    56 |    35 ||   108
  Block: Buckler           |    14 |    38 |    24 ||    76
